 Dungeon Sprint DCSS version 0.29.1-2-gbd0b4ee654 (webtiles) character file.

Game seed: 13295343290325311456

816 Zeld the Cleaver (level 7, 0/106 HPs)
             Began as a Minotaur Berserker on Oct 28, 2022.
             Was a Believer of Trog.
             Slain by a kobold demonologist
             ... wielding a +0 dagger
              (3 damage)
             ... in the Dungeon (Sprint I: "Red Sonja").
             The game lasted 00:00:33 (711 turns).

Zeld the Cleaver (Minotaur Berserker)                Turns: 711, Time: 00:00:34

Health: 0/106      AC:  2    Str: 23    XL:     7   Next: 62%
Magic:  6/6        EV: 14    Int:  4    God:    Trog [**....]
Gold:   270        SH:  0    Dex: 10    Spells: 6/6 levels left

rFire   . . .      SeeInvis .   a - +0 hand axe
rCold   . . .      Faith    .   (no shield)
rNeg    . . .      Spirit   .   b - +0 animal skin
rPois   .          Reflect  .   (helmet restricted)
rElec   .          Harm     .   (no cloak)
rCorr   .          Rampage  .   (no gloves)
Will    .....      NoTele   +   (no boots)
Stlth   ..........              (no amulet)
HPRegen 0.27/turn               (no ring)
MPRegen 0.10/turn               (no ring)

@: berserking (expiring), spiked, very quick
A: horns 2, retaliatory headbutt
a: Renounce Religion, Berserk, Trog's Hand


You were in the Dungeon.
You worshipped Trog.
Trog was pleased with you.
You visited 1 branch You collected 270 gold pieces.

Inventory:

Hand Weapons
 a - a +0 hand axe (weapon)
Armour
 b - a +0 animal skin (worn)
Wands
 i - a wand of polymorph (9)
Scrolls
 h - a scroll of blinking
Potions
 c - a potion of curing
 d - a potion of heal wounds
 e - a potion of haste
 f - 2 potions of magic
 g - a potion of berserk rage
 j - a potion of lignification {unknown}


   Skills:
 + Level 9.8 Fighting
 * Level 13.1 Axes
 + Level 9.4 Armour
 + Level 8.6 Dodging


You had 6 spell levels left.
You didn't know any spells.
Your spell library was empty.

Dungeon Overview and Level Annotations

Branches:
Dungeon (1/1)

Altars:
Makhleb
Xom
Jiyva
Lugonu


Innate Abilities, Weirdness & Mutations

You have a pair of horns on your head.
You reflexively headbutt those who attack you in melee.


Message History

The kobold demonologist gestures wildly while chanting.
The red devil hits you from afar with a +0 trident!!
Barbed spikes become lodged in your body.
Your Fighting skill increases to level 9!
Your Axes skill increases to level 13!
Your Armour skill increases to level 9!
Your Dodging skill increases to level 8!
You completely miss the smoke demon.
The smoke demon is moderately wounded.
You are engulfed in a cloud of scalding steam.
Unknown command.
You slash the smoke demon! Your headbutt misses the smoke demon.
The smoke demon is heavily wounded.
You are engulfed in a cloud of scalding steam.
The smoke demon gestures at you. Something smites you!
Unknown command.
Unknown command.
You are too injured to fight recklessly!
The barbs in your skin will harm you if you move.
Continue?
The barbed spikes dig painfully into your body as you move.
The kobold demonologist hits you with a +0 dagger.
The red devil hits you with a +0 trident!
* * * LOW HITPOINT WARNING * * *
Barbed spikes become lodged in your body.
The ice devil hits you.
* * * LOW HITPOINT WARNING * * *
The ice devil freezes you!
* * * LOW HITPOINT WARNING * * *
Things that are here:
a +0 dagger; a +0 robe You slash the kobold demonologist!
The kobold demonologist is moderately wounded.
You hit the smoke demon. You closely miss the red devil. You hit the ice devil.
The smoke demon hits you.
* * * LOW HITPOINT WARNING * * *
The smoke demon hits you but does no damage.
The smoke demon hits you.
* * * LOW HITPOINT WARNING * * *
The kobold demonologist hits you with a +0 dagger.
You die...

####################
)..#..'..#__#§.§3K.#
#..').#..'..'..#@4.#
##'#####+#__####.4.+
#..# #### ##### ####


You could see an ice devil (summoned), a kobold demonologist, a smoke demon
(summoned) and a red devil (summoned).

Vanquished Creatures
  A kobold demonologist (D)
  A slime creature (D)
  Sigmund (D)
  A floating eye (D)
  An ogre (D)
  Ijyb (D)
6 creatures vanquished.

Notes
Turn   | Place    | Note
-------+----------+-------------------------------------------
     0 | D        | Zeld the Minotaur Berserker began the quest for the Orb.
     0 | D        | Reached XP level 1. HP: 19/19 MP: 0/0
     2 | D        | Noticed Ijyb
    14 | D        | Killed Ijyb
    15 | D        | Reached skill level 5 in Axes
    15 | D        | Reached XP level 2. HP: 28/28 MP: 1/1
    57 | D        | Noticed an ogre
    63 | D        | Killed an ogre
    64 | D        | Reached skill level 7 in Axes
    64 | D        | Reached skill level 5 in Armour
    64 | D        | Reached XP level 3. HP: 22/37 MP: 2/2
    64 | D        | Reached XP level 4. HP: 26/44 MP: 3/3
   242 | D        | Noticed Sigmund
   252 | D        | Killed Sigmund
   252 | D        | Reached ** piety under Trog
   253 | D        | Reached skill level 10 in Axes
   253 | D        | Reached XP level 5. HP: 42/52 MP: 4/4
   253 | D        | Reached XP level 6. HP: 48/60 MP: 5/5
   479 | D        | Found a burning altar of Makhleb.
   479 | D        | Found a viscous altar of Jiyva.
   479 | D        | Found a shimmering altar of Xom.
   479 | D        | Found a corrupted altar of Lugonu.
   479 | D        | Noticed a slime creature
   487 | D        | Killed a slime creature
   488 | D        | Reached skill level 11 in Axes
   698 | D        | Noticed a kobold demonologist
   698 | D        | Noticed a floating eye
   698 | D        | Noticed a kobold demonologist
   701 | D        | Noticed a smoke demon
   701 | D        | Killed a floating eye
   702 | D        | Reached skill level 12 in Axes
   702 | D        | Reached XP level 7. HP: 69/69 MP: 6/6
   702 | D        | Noticed a red devil
   707 | D        | Killed a kobold demonologist
   708 | D        | Reached skill level 13 in Axes
   708 | D        | Noticed an ice devil
   711 | D        | HP: 3/106 [smoke demon[a kobold demonologist] (4)]
   711 | D        | Slain by a kobold demonologist

Illustrated notes

Levels and vault maps discovered:
D:        dungeon_sprint_1 [red_sonja_temple_1, red_sonja_temple_small_1]

Skill      XL: |  1  2  3  4  5  6  7 |
---------------+----------------------+-----
Fighting       | 4 6 7 8 9 |  9.8
Axes           | 5 7 10 12 13 | 13.1
Armour         | 3 5 7 8 9 |  9.4
Dodging        | 3 4 6 7 8 |  8.6

Action                   |  1- 3 |  4- 6 |  7- 9 || total
-------------------------+-------+-------+-------++-------
Melee: Hand axe          |    16 |    16 |     9 ||    41
       Headbutt          |     1 |     4 |     1 ||     6
Invok: Berserk           |     2 |     3 |       ||     5
Armor: Animal skin       |     1 |     1 |     2 ||     4
Dodge: Dodged            |     5 |     2 |     1 ||     8
